 Dungeon Crawl Stone Soup version 0.29-a0-392-g297d3b089c (webtiles) character file.

Game seed: 14820311908294364107

51955 happo123 the Brawler (level 14, -1/136 HPs)
             Began as a Troll Berserker on May 8, 2022.
             Was an Elder of Trog.
             Slain by a komodo dragon (16 damage)
             ... on level 6 of the Lair of Beasts.
             The game lasted 01:24:02 (12365 turns).

happo123 the Brawler (Troll Berserker)             Turns: 12365, Time: 01:24:03

Health: -1/136     AC: 17    Str: 36    XL:     14   Next: 25%
Magic:  13/13      EV: 13    Int:  9    God:    Trog [****..]
Gold:   1446       SH:  5    Dex: 12    Spells: 13/13 levels left

rFire   . . .      SeeInvis .     - Unarmed
rCold   . . .      Faith    .   (no shield)
rNeg    + + .      Spirit   .   P - +2 robe of the Trees {Harm rN+ Stlth+}
rPois   .          Reflect  +   S - +2 hat
rElec   .          Harm     +   J - +0 cloak
rCorr   .          Rampage  .   (gloves unavailable)
Will    +++..                   (boots unavailable)
Stlth   +++.......              O - amulet of reflection
HPRegen 2.12/turn               d - +4 ring of protection
MPRegen 0.13/turn               Z - ring of Xom's Wantonness {rN+ Str+4 Int+6 Dex+3}

@: strong-willed, regenerating
A: large, unfitting armour, claws 3, regeneration 1, shaggy fur 1, tough skin 1,
iridescent scales 2, wild magic 1
a: Renounce Religion, Berserk, Trog's Hand, Brothers in Arms


You were on level 6 of the Lair of Beasts.
You worshipped Trog.
Trog was greatly pleased with you.
You visited 2 branches of the dungeon, and saw 17 of its levels.
You also visited: Sewer.

You collected 1490 gold pieces.
You spent 44 gold pieces at shops.

Inventory:

Hand Weapons
 w - the +11 trident of Abuse {vorpal, *Rage Int+4 Dex+3}
   (You found it on level 2 of the Lair of Beasts)

   It inflicts extra damage upon your enemies.
   Int:       It affects your intelligence (+4).
   Dex:       It affects your dexterity (+3).
   *Rage:     It berserks you when you make melee attacks (+20% chance).
 R - a +4 hand axe of freezing
Armour
 J - a +0 cloak (worn)
 L - a +0 robe of resistance
 P - the +2 robe of the Trees (worn) {Harm rN+ Stlth+}
   (You found it on level 8 of the Dungeon)

   rN:        It protects you from negative energy.
   Harm:      It increases damage dealt and taken.
   Stlth:     It makes you more stealthy.
 S - a +2 hat (worn)
 T - a +0 troll leather armour
Jewellery
 d - a +4 ring of protection (left claw)
 o - a ring of poison resistance
 x - a ring of fire
 C - a ring of positive energy
 D - a ring of flight
 N - an amulet of faith
 O - an amulet of reflection (around neck)
 Z - the ring of Xom's Wantonness (right claw) {rN+ Str+4 Int+6 Dex+3}
   (You found it on level 2 of the Lair of Beasts)

   [ring of intelligence]

   Str:       It affects your strength (+4).
   Int:       It affects your intelligence (+6).
   Dex:       It affects your dexterity (+3).
   rN:        It protects you from negative energy.
Wands
 i - a wand of digging (4)
 s - a wand of charming (5)
 t - a wand of iceblast (23)
 G - a wand of acid (3)
 M - a wand of polymorph (11)
 Q - a wand of mindburst (9)
 U - a wand of paralysis (5)
Scrolls
 a - a scroll of enchant armour
 b - 11 scrolls of teleportation
 f - a scroll of immolation {unknown}
 g - a scroll of identify
 j - a scroll of blinking
 n - a scroll of vulnerability {unknown}
 v - 4 scrolls of fog
 y - a scroll of torment {unknown}
 B - 2 scrolls of summoning
 E - 3 scrolls of poison
 F - 5 scrolls of enchant weapon
 I - 2 scrolls of silence
 K - 2 scrolls of noise
 V - a scroll of amnesia {unknown}
 W - a scroll of acquirement {unknown}
 X - a scroll of brand weapon
Potions
 c - 2 potions of berserk rage
 e - a potion of attraction
 h - 9 potions of curing
 k - 3 potions of magic
 m - 3 potions of flight
 p - 3 potions of lignification
 q - 8 potions of haste
 r - 2 potions of mutation
 u - 2 potions of cancellation
 z - 3 potions of might
 A - 3 potions of heal wounds
Miscellaneous
 H - a lightning rod (4/4)


   Skills:
 + Level 8.0 Fighting
 + Level 8.4 Axes
 + Level 10.2 Dodging
 + Level 4.1 Stealth
 + Level 2.1 Shields
 + Level 16.7 Unarmed Combat


You had 13 spell levels left.
You didn't know any spells.
Your spell library was empty.

Dungeon Overview and Level Annotations

Branches:
Dungeon (11/15)            Temple (0/1) D:4            Lair (6/6) D:10
  Swamp (0/4) Lair:3       Spider (0/4) Lair:4        Slime (0/5) Lair:5
  Sewer (visited)
    Orc: D:9-12

Altars:
Elyvilon
Fedhas
Gozag
Nemelex Xobeh
Okawaru
Ru
Sif Muna
Trog
Vehumet
Yredelemnul
Zin
Jiyva

Shops:
D:7 ?

Portals:
Trove: D:10 (give 14 potions of curing)


Innate Abilities, Weirdness & Mutations

You are too large for most types of armour.
You have claws for hands.
Your natural rate of healing is unusually fast.
You are covered in fur. (AC +1)
You have tough skin. (AC +1)
You are mostly covered in iridescent scales. (AC +4)
Your spells are a little harder to cast, but a little more powerful.


Message History

The cane toad is almost dead.
You feel very sick.
The water moccasin bites the plant!
The plant begins to die.
The komodo dragon bites you!!
A water moccasin comes into view.
You claw the cane toad!
You kill the cane toad!
Trog accepts your kill.
You feel very sick. The komodo dragon bites you!
Okay, then.
You feel better. You block the water moccasin's attack.
The komodo dragon misses you.
The water moccasin bites you but does no damage.
You closely miss the water moccasin.
The elephant tramples the plant.
The elephant trunk-slaps the plant.
The water moccasin closely misses you.
You mangle the water moccasin!!
You kill the water moccasin!
Trog accepts your kill. The komodo dragon misses you.
You mangle the komodo dragon!!
The komodo dragon is heavily wounded.
A nearby plant withers and dies.
The komodo dragon bites you!
* * * LOW HITPOINT WARNING * * *
You scratch the komodo dragon.
The komodo dragon is severely wounded.
The elephant closely misses you. The elephant barely misses you.
Your skin crawls.
You feel strong-willed. The komodo dragon bites you!
* * * LOW HITPOINT WARNING * * *
The elephant barely misses you. The elephant trunk-slaps you.
* * * LOW HITPOINT WARNING * * *
You barely miss the komodo dragon.
The komodo dragon is severely wounded.
The komodo dragon bites you!
* * * LOW HITPOINT WARNING * * *
The komodo dragon attacks as you move away!
The komodo dragon bites you!
You die...

#....†........##.......#
#....####.(...##.......##
##..## ###....#........#
#### ..###.##........#
....###........##
#......P.......P#
#.............##
#....S......##
##...Y@#....#
###Yl##...## #.Y##...#
..###....# .... ###..#
..... #... ..... ..S#
.... ....


You could see 3 elephants, a komodo dragon and a water moccasin.

Vanquished Creatures
  Fannar (Lair:3)
  A boulder beetle (D:7)
  A catoblepas (Lair:6)
  5 hydras
  2 two-headed ogres (D:7)
  3 death yaks
  Nergalle (Lair:3)
  A cyclops (D:7)
  23 elephants
  A guardian serpent (Lair:6)
  8 black mambas
  16 cane toads
  A gargoyle (D:7)
  A torpor snail (Lair:3)
  A rime drake (Lair:1)
  A kobold demonologist (D:11)
  A yaktaur (shapeshifter) (D:11)
  The ghost of domi the Conjurer, a novice DsWz of Gozag (D:5)
  6 komodo dragons
  4 polar bears
  4 trolls
  A hornet (Lair:6)
  10 blink frogs
  4 dream sheep (Lair:4)
  A slime creature (Lair:5)
  A jumping spider (Lair:4)
  9 wyverns
  3 shadows
  Sigmund (D:2)
  3 wraiths
  3 basilisks
  36 yaks
  A human (D:9)
  Grum (D:9)
  A steam dragon (Lair:3)
  4 hogs (D:9)
  4 vampire mosquitoes
  4 redbacks
  2 acid dragons (D:7)
  17 water moccasins
  Duvessa (D:4)
  3 orc warriors
  A black bear (D:7)
  2 sky beasts (D:7)
  2 ogres
  5 centaurs
  7 wolves
  2 kobold brigands
  A necrophage (D:5)
  16 bullfrogs
  6 scorpions
  9 wights
  Dowan (D:4)
  3 electric eels (Lair:5)
  4 howler monkeys
  3 orc priests
  2 bullfrog zombies (D:5)
  A jelly (D:6)
  2 hounds (D:5)
  2 gnoll shamans
  Ijyb (D:3)
  Terence (D:2)
  2 iguanas
  Natasha (thrice) (D:2)
  7 orc wizards
  6 hell rats
  2 adders
  7 gnolls
  4 river rats
  A shadow imp (D:7)
  3 white imps
  An ufetubus (D:7)
  2 worms (D:2)
  2 dart slugs (D:1)
  31 orcs
  20 ball pythons
  7 bats
  6 endoplasms
  9 giant cockroaches
  6 goblins
  9 hobgoblins
  9 jackals
  5 quokkas
  12 frilled lizards
  11 kobolds
  9 rats
438 creatures vanquished.

Vanquished Creatures (collateral kills)
  3 elephants (Lair:6)
  2 cane toads (Lair:6)
  A komodo dragon (Lair:6)
  5 blink frogs (Lair:6)
  A wyvern (Lair:6)
  A wolf (Lair:6)
13 creatures vanquished.

Vanquished Creatures (others)
  A wolf spider (Lair:6)
  An orc (D:3)
  38 fungi
  37 plants
77 creatures vanquished.

Grand Total: 528 creatures vanquished

Notes
Turn   | Place    | Note
-------+----------+-------------------------------------------
     0 | D:1      | happo123 the Troll Berserker began the quest for the Orb.
     0 | D:1      | Reached XP level 1. HP: 22/22 MP: 0/0
   359 | D:1      | Reached XP level 2. HP: 19/29 MP: 1/1
   629 | D:1      | Reached ** piety under Trog
   633 | D:1      | Reached XP level 3. HP: 36/36 MP: 2/2
   934 | D:2      | Noticed Natasha
   944 | D:2      | Killed Natasha
   965 | D:2      | Reached XP level 4. HP: 42/45 MP: 3/3
   982 | D:2      | Reached skill level 4 in Unarmed Combat
  1086 | D:2      | Noticed Terence
  1098 | D:2      | Killed Terence
  1298 | D:2      | Reached XP level 5. HP: 53/53 MP: 4/4
  1304 | D:2      | Noticed Natasha
  1310 | D:2      | Killed Natasha
  1316 | D:2      | Noticed Natasha
  1322 | D:2      | Killed Natasha
  1488 | D:2      | Noticed Sigmund
  1497 | D:2      | Killed Sigmund
  1498 | D:2      | Reached skill level 5 in Unarmed Combat
  1498 | D:2      | Reached XP level 6. HP: 61/61 MP: 5/5
  1746 | D:3      | Reached *** piety under Trog
  1899 | D:3      | Found a radiant altar of Vehumet.
  1900 | D:3      | Noticed Ijyb
  1918 | D:3      | Killed Ijyb
  2366 | D:4      | Found a sparkling altar of Nemelex Xobeh.
  2371 | D:4      | Found a blossoming altar of Fedhas.
  2375 | D:4      | Found a sacrificial altar of Ru.
  2408 | D:4      | Reached skill level 6 in Unarmed Combat
  2461 | D:4      | Found a staircase to the Ecumenical Temple.
  2560 | D:4      | Reached XP level 7. HP: 66/67 MP: 6/6
  2575 | D:4      | Noticed Dowan
  2576 | D:4      | Noticed Duvessa
  2583 | D:4      | Killed Dowan
  2588 | D:4      | Killed Duvessa
  2871 | D:4      | Reached skill level 1 in Stealth
  2871 | D:4      | Reached skill level 7 in Unarmed Combat
  3006 | D:5      | Entered Level 5 of the Dungeon
  3012 | D:5      | Reached **** piety under Trog
  3025 | D:5      | Reached XP level 8. HP: 78/78 MP: 7/7
  3089 | D:5      | Found a runed translucent gate.
  3089 | D:5      | Found a runed translucent gate.
  3089 | D:5      | Found a runed translucent gate.
  3089 | D:5      | Noticed domi's ghost (novice DsWz)
  3091 | D:5      | Found a basalt altar of Yredelemnul.
  3114 | D:5      | Killed domi's ghost
  3115 | D:5      | Reached skill level 8 in Unarmed Combat
  3336 | D:5      | Reached skill level 9 in Unarmed Combat
  3596 | D:6      | Found a glowing drain.
  3617 | Sewer    | Entered a sewer
  3739 | Sewer    | Reached skill level 5 in Dodging
  3817 | Sewer    | Identified the +5 mace of Big Damage {antimagic, rF+ Will+
                  | Int-2}
  4177 | D:6      | Reached ***** piety under Trog
  4207 | D:6      | Reached XP level 9. HP: 80/84 MP: 8/8
  4617 | D:7      | Found Eret Cele's Magic Scroll Boutique.
  4624 | D:7      | Bought a scroll of identify for 22 gold pieces
  4624 | D:7      | Bought a scroll of identify for 22 gold pieces
  4631 | D:7      | Gained mutation: You are partially covered in iridescent
                  | scales. (AC +2) [potion of mutation]
  4631 | D:7      | Gained mutation: You are mostly covered in iridescent
                  | scales. (AC +4) [potion of mutation]
  4631 | D:7      | Gained mutation: Your spells are a little harder to cast,
                  | but a little more powerful. [potion of mutation]
  4693 | D:7      | Reached skill level 10 in Unarmed Combat
  4806 | D:7      | Noticed a two-headed ogre
  4806 | D:7      | Noticed a two-headed ogre
  4813 | D:7      | Killed a two-headed ogre
  4813 | D:7      | Noticed a boulder beetle
  4814 | D:7      | Reached skill level 11 in Unarmed Combat
  4815 | D:7      | Killed a two-headed ogre
  4819 | D:7      | Reached XP level 10. HP: 94/94 MP: 9/9
  4832 | D:7      | Killed a boulder beetle
  4833 | D:7      | Reached skill level 12 in Unarmed Combat
  4855 | D:7      | Noticed a cyclops
  4860 | D:7      | Killed a cyclops
  4861 | D:7      | Noticed a gargoyle
  4867 | D:7      | Killed a gargoyle
  5042 | D:7      | Reached skill level 13 in Unarmed Combat
  5660 | D:8      | Found a glowing silver altar of Zin.
  5664 | D:8      | Received a gift from Trog
  5677 | D:8      | Reached skill level 5 in Fighting
  5740 | D:8      | Found an iron altar of Okawaru.
  5846 | D:8      | Identified the +2 robe of the Trees {Harm rN+ Stlth+}
  5990 | D:9      | Found a shimmering blue altar of Sif Muna.
  5994 | D:9      | Found an opulent altar of Gozag.
  5995 | D:9      | Found a white marble altar of Elyvilon.
  6097 | D:9      | Reached XP level 11. HP: 97/102 MP: 10/10
  6164 | D:9      | Reached skill level 14 in Unarmed Combat
  6189 | D:9      | Found a bloodstained altar of Trog.
  6217 | D:9      | Noticed Grum
  6230 | D:9      | Killed Grum
  6231 | D:9      | You fall into a shaft and drop 2 floors!
  6232 | D:11     | Found a sacrificial altar of Ru.
  6280 | D:10     | Entered Level 10 of the Dungeon
  6461 | D:9      | Reached skill level 1 in Axes
  6825 | D:10     | Noticed a death yak
  6826 | D:10     | Found a staircase to the Lair.
  6827 | D:10     | Noticed a death yak
  6836 | D:10     | Noticed a death yak
  6846 | D:9      | Killed a death yak
  6913 | D:10     | Killed a death yak
  6923 | D:10     | Killed a death yak
  7237 | D:10     | Found a portal to a secret trove of treasure.
  7693 | Lair:1   | Entered Level 1 of the Lair of Beasts
  7863 | Lair:1   | Found the +5 sword of Power {vorpal}
  7923 | Lair:1   | Reached XP level 12. HP: 111/113 MP: 11/11
  8014 | Lair:1   | Reached skill level 15 in Unarmed Combat
  8119 | Lair:1   | Reached skill level 5 in Axes
  8378 | Lair:2   | Identified the ring of Xom's Wantonness {rN+ Str+4 Int+6
                  | Dex+3}
  8754 | Lair:2   | Identified the +11 trident of Abuse {vorpal, *Rage Int+4
                  | Dex+3}
  9047 | Lair:3   | Noticed Nergalle
  9059 | Lair:3   | Killed Nergalle
  9188 | Lair:3   | Found a staircase to the Swamp.
  9466 | Lair:3   | Noticed Fannar
  9475 | Lair:3   | Killed Fannar
  9536 | Lair:3   | Noticed an eight-headed hydra
  9543 | Lair:3   | Killed an 11-headed hydra
 10275 | Lair:4   | Found a hole to the Spider Nest.
 10303 | Lair:4   | Reached XP level 13. HP: 123/123 MP: 12/12
 10795 | Lair:5   | Found an opulent altar of Gozag.
 11012 | Lair:5   | Found a runed translucent door.
 11012 | Lair:5   | Found a viscous altar of Jiyva.
 11017 | Lair:5   | Found a staircase to the Slime Pits.
 11243 | Lair:5   | Reached skill level 16 in Unarmed Combat
 11300 | Lair:5   | Reached skill level 1 in Shields
 11535 | Lair:6   | Entered Level 6 of the Lair of Beasts
 12074 | Lair:6   | Reached skill level 10 in Dodging
 12094 | Lair:6   | Reached XP level 14. HP: 135/135 MP: 13/13
 12365 | Lair:6   | Slain by a komodo dragon

Illustrated notes

Levels and vault maps discovered:
D:1:      dpeg_arrival_castle, layout_basic, amcnicky_mini_corridor_feature
D:2:      layout_loops_cross, minmay_pentomino_u4, uniq_terence, uniq_natasha,
          uniq_sigmund
D:3:      layout_loops_cross, mainiacjoe_overflow_24_doors, uniq_ijyb
D:4:      layout_loops_ring, grunt_temple_overflow_diamond,
          minmay_temple_entry_sparse_star, hangedman_decor_riveting,
          uniq_duvessa
D:5:      layout_rooms, nicolae_yredelemnul_ghost_church
D:6:      layout_cave_pools, portal_sewer_entry_c
D:7:      layout_loops_ring, serial_shops, nicolae_shop_waterfront,
          minmay_the_grid_2x2 [minmay_the_grid_expand,
          minmay_the_grid_minigrid_medium, minmay_the_grid_dragon_b,
          minmay_the_grid_prize_four_corners]
D:8:      layout_rooms, mainiacjoe_overflow_catwalk,
          mainiacjoe_overflow_boulevard, minmay_misc_feat_rugged
D:9:      layout_basic, trog_butcher_becter, grunt_temple_overflow_open,
          minmay_misc_feat_nine_boxes, grunt_livestock, uniq_grum
D:10:     layout_irregular_city, dpeg_lair_monsters, enter_trove_1
D:11:     layout_basic, gammafunk_ghost_smash, chequers_mini_garden,
          nicolae_ru_awakened_eye, uniq_erica, uniq_harold, uniq_psyche
Lair:1:   layout_cave_shapes, nzn_random_ring
Lair:2:   layout_hall_layers, grunt_megastairs_4
Lair:3:   layout_roguey, swamp_mist, serial_bayou_shore_b, uniq_fannar,
          uniq_nergalle
Lair:4:   layout_cave_pods, spider_nest_entry_a, st_stairs_10,
          mumra_transporter_accident, grunt_megastairs_1
Lair:5:   layout_misc_corridors, slime_altar_2, basic_altar, grunt_megastairs_3,
          serial_bayou_shore_a
Lair:6:   hangedman_lair_tendril_chambers, layout_gridlike,
          gauntlet_entry_generic

Skill      XL: |  1  2  3  4  5  6  7  8  9 10 11 12 13 14 |
---------------+-------------------------------------------+-----
Fighting       | 3 4 5 6 7 8 |  8.0
Unarmed Combat | 4 5 6 7 9 11 13 14 15 16 | 16.7
Dodging        | 3 4 5 6 7 8 10 | 10.2
Stealth        | 1 2 3 4 |  4.1
Axes           | 4 6 8 |  8.4
Shields        | 1 2 |  2.1

Action                   |  1- 3 |  4- 6 |  7- 9 | 10-12 | 13-15 || total
-------------------------+-------+-------+-------+-------+-------++-------
Melee: Unarmed           |    81 |   165 |   255 |   284 |   200 ||   985
       Punch             |     1 |     4 |    10 |    33 |    31 ||    79
       Hand axe          |       |       |       |   195 |    67 ||   262
Invok: Berserk           |       |     2 |     4 |     5 |     4 ||    15
       Trog's Hand       |       |       |     1 |     1 |     4 ||     6
       Brothers in Arms  |       |       |       |       |     1 ||     1
Evoke: Wand              |       |       |       |       |     1 ||     1
  Use: Scroll            |       |       |     9 |    15 |     8 ||    32
       Potion            |       |       |     1 |     2 |     6 ||     9
 Stab: Sleeping          |       |       |       |     7 |     4 ||    11
       Distracted        |       |       |       |     1 |     2 ||     3
       Petrifying        |       |       |       |       |     1 ||     1
Armor: Animal skin       |    44 |   107 |    87 |    16 |       ||   254
       Robe              |       |       |       |   179 |   161 ||   340
Dodge: Dodged            |    40 |    89 |   150 |   245 |   182 ||   706
Block: Other             |       |       |       |     7 |    62 ||    69

Table legend: (Time is in decaauts)
 A = Elapsed time spent in this place.
 B = Non-inter-level travel time spent in this place.
 C = Inter-level travel time spent in this place.
 D = Time resting spent in this place.
 E = Time spent auto-exploring this place.
 F = Levels seen in this place.
 G = Mean time per level.
                   A        B        C        D        E       F      G
               +--------+--------+--------+--------+--------+-----+--------+
         Total |  12440 |   9493 |   2947 |    265 |   6321 |  18 |  691.1 |
       Dungeon |   7263 |   5545 |   1718 |     69 |   3920 |  11 |  660.3 |
          Lair |   4688 |   3460 |   1228 |    195 |   2168 |   6 |  781.3 |
         Sewer |    488 |    488 |      0 |      0 |    232 |   1 |  488.0 |
               +--------+--------+--------+--------+--------+-----+--------+

Top non-repeatable levels by time:
     D:7: 1053 daAuts
     D:1: 934 daAuts
     D:9: 923 daAuts
  Lair:4: 910 daAuts
  Lair:3: 855 daAuts
  Lair:5: 849 daAuts
  Lair:2: 833 daAuts
    D:10: 793 daAuts
  Lair:6: 719 daAuts
     D:2: 719 daAuts
     D:3: 715 daAuts
     D:4: 650 daAuts
     D:5: 541 daAuts
  Lair:1: 520 daAuts
   Sewer: 488 daAuts
